Get step-by-step instructions on how to execute this build order below. Start the game timer, and the build order will tick by so you can play in parallel with StarCraft on a second screen or mobile device.

Game Time

  0:00

Last Step

  N/A

Next Step

  12  0:00  SCV  

Upcoming Step

  13  0:12  SCV  

Don't want to look back and forth between 2 screens? Try out our Overwolf App, the Spawning Tool Build Advisor to get an in-game overlay with this build!

Complete Build Order

  12  0:00  SCV  
  13  0:12  SCV  
  14  0:18  Supply Depot  
  14  0:24  SCV  
  15  0:40  SCV, Barracks  
  16  0:48  Barracks  
  16  0:50  Refinery  
  16  0:52  SCV  
  17  0:59  Refinery  
  17  1:04  SCV  
  18  1:14  Engineering Bay  
  18  1:17  SCV  
  20  1:35  Orbital Command  
  19  1:41  Factory  
  19  1:51  Supply Depot  
  19  1:52  Barracks Reactor  
  19  2:02  SCV  
  20  2:14  SCV  
  21  2:25  Starport  
  21  2:30  SCV  
  21  2:32  Hellion x2  
  21  2:33  Supply Depot  
  26  2:42  SCV  
  27  2:53  Hellion x2  
  31  3:02  Medivac  
  33  3:11  Command Center  
  33  3:17  Hellion  
  35  3:21  Hellion  
  38  3:33  Supply Depot  
  39  3:51  SCV, Marine  
  39  3:54  Marine, Factory Tech Lab  
  40  4:01  Liberator  
  39  4:03  SCV  
  39  4:09  Marine  
  41  4:12  Marine  
  41  4:15  SCV  
  39  4:17  Siege Tank  
  42  4:24  Orbital Command  
  42  4:27  Marine  
  42  4:28  SCV  
  42  4:30  Marine  
  41  4:40  SCV  
  41  4:41  Orbital Command  
  41  4:43  Barracks  
  42  4:46  Marine  
  42  4:47  Marine  
  42  4:52  SCV, Siege Tank  
  47  5:04  SCV  
  47  5:06  SCV  
  49  5:07  Marine  
  49  5:09  Marine, Barracks  
  51  5:16  SCV  
  51  5:18  SCV  
  53  5:25  Marine  
  53  5:26  Siege Tank  
  53  5:27  Marine  
  56  5:28  SCV  
  56  5:32  Barracks Tech Lab  
  56  5:33  SCV  
  57  5:37  Refinery  
  57  5:40  SCV  
  58  5:42  Supply Depot  
  58  5:44  Marine  
  58  5:45  SCV, Marine  
  58  5:49  Combat Shield  
  61  5:54  Marine  
  62  6:00  Supply Depot  
  62  6:04  Viking  
  62  6:10  Siege Tank  
  67  6:16  Marine x2  
  67  6:17  Marine x2  
  67  6:23  Supply Depot x2  
  66  6:33  SCV  
  66  6:34  Marine x2  
  66  6:37  SCV  
  66  6:39  Marine  
  70  6:41  Marine  
  70  6:46  SCV  
  68  6:49  SCV  
  68  6:50  Engineering Bay  
  68  6:53  Starport Reactor  
  72  6:58  SCV, Marine x2  
  75  7:02  SCV  
  75  7:03  Supply Depot  
  76  7:08  Stimpack  
  76  7:10  SCV  
  76  7:12  Marauder  
  76  7:14  SCV  
  77  7:17  Marine  
  77  7:21  Supply Depot, Terran Infantry Weapons Level 1  
  77  7:22  SCV  
  79  7:28  Marauder  
  79  7:29  Marine  
  79  7:30  SCV  
  79  7:33  Marine  
  79  7:34  SCV, Medivac x2  
  83  7:39  Marine  
  83  7:42  Concussive Shells  
  83  7:45  SCV  
  83  7:49  Marauder  
  84  7:55  Marauder, Marine  
  87  8:02  Marine  
  87  8:04  Viking x2  
  92  8:10  Missile Turret, Marine  
  90  8:13  Factory Tech Lab  
  90  8:15  Marine  
  93  8:20  Marauder  
  93  8:30  Supply Depot  
  93  8:31  Supply Depot  
  93  8:32  Marauder, Marine, Siege Tank  
  99  8:34  Viking  
  101  8:43  Missile Turret  
  101  8:48  Marine  
  101  8:52  Marauder  
  104  8:58  Marauder, Marine  
  106  9:08  Command Center